 Dungeon Crawl Stone Soup version 0.27.1-16-g815e20cd7a (webtiles) character file.

Game seed: 18094118689026023120

16 zeram the Sneak (level 2, 0/20 HPs)
             Began as a Gnoll Enchanter on Nov 23, 2021.
             Succumbed to a goblin's poison
             ... on level 1 of the Dungeon.
             The game lasted 00:02:21 (1074 turns).

zeram the Sneak (Gnoll Enchanter)                   Turns: 1074, Time: 00:02:22

Health: 0/20       AC:  2    Str:  7    XL:     2   Next: 58%
Magic:  6/7        EV: 12    Int: 14    God:
Gold:   11         SH:  6    Dex: 12    Spells: 7/10 levels left

rFire    . . .     SeeInvis .   a - +2 dagger
rCold    . . .     Faith    .   g - +3 buckler
rNeg     . . .     Spirit   .   b - +0 robe
rPois    .         Reflect  .   (no helmet)
rElec    .         Harm     .   (no cloak)
rCorr    .         Rampage  .   (no gloves)
Will     .....                  (no boots)
Stlth    +++.......             (no amulet)
HPRegen  0.06/turn              (no ring)
MPRegen  0.10/turn              (no ring)

@: lethally poisoned (0 -> -2), very slightly contaminated
A: fangs 1, strong nose, distributed training
a: no special abilities


You were on level 1 of the Dungeon.
You visited 1 branch of the dungeon, and saw 1 of its levels.

You collected 11 gold pieces.

Inventory:

Hand Weapons
 a - a +2 dagger (weapon)
Armour
 b - a +0 robe (worn)
 g - a +3 buckler (worn)


   Skills:
 + Level 0.4 Fighting
 + Level 2.5 Short Blades
 + Level 0.4 Long Blades
 + Level 0.4 Axes
 + Level 0.4 Maces & Flails
 + Level 0.4 Polearms
 + Level 0.4 Staves
 + Level 0.4 Slings
 + Level 0.4 Bows
 + Level 0.4 Crossbows
 + Level 0.4 Throwing
 + Level 0.4 Armour
 + Level 4.5 Dodging
 + Level 5.9 Stealth
 + Level 0.4 Shields
 + Level 0.4 Unarmed Combat
 + Level 4.9 Spellcasting
 + Level 0.2 Conjurations
 + Level 5.3 Hexes
 + Level 0.2 Summonings
 + Level 0.2 Necromancy
 + Level 0.2 Translocations
 + Level 0.2 Transmutations
 + Level 0.2 Fire Magic
 + Level 0.2 Ice Magic
 + Level 0.2 Air Magic
 + Level 0.2 Earth Magic
 + Level 0.2 Poison Magic
 + Level 0.5 Invocations
 + Level 0.4 Evocations


You had 7 spell levels left.
You knew the following spells:

 Your Spells              Type           Power      Damage    Failure   Level
a - Corona                Hex            20%        N/A       3%          1
b - Ensorcelled Hibernat  Hex/Ice        22%        N/A       13%         2

Your spell library contained the following spells:

 Spells                   Type           Power      Damage    Failure   Level
 Confusing Touch          Hex            18%        N/A       9%          3
 Tukima's Dance           Hex            18%        N/A       9%          3
 Dazzling Flash           Conj/Hex       22%        N/A       26%         3


Dungeon Overview and Level Annotations

Branches:
Dungeon (1/15)

Altars:

Shops:
D:1 :[


Innate Abilities, Weirdness & Mutations

You have very sharp teeth.
Your uncanny sense of smell can sniff out nearby items.
Your experience applies equally to all skills.


Message History

The goblin is heavily wounded.
You feel sick. The goblin barely misses you.
You closely miss the goblin.
The goblin is heavily wounded.
You feel sick. You block the goblin's attack.
You are too injured to fight recklessly!
You are too injured to fight recklessly!
You are too injured to fight recklessly!
You are too injured to fight recklessly!
You are too injured to fight recklessly!
You are too injured to fight recklessly!
Casting: Corona (safe; 3% risk of failure)
Confirm with . or Enter, or press ? or * to list all spells.
Aiming: Corona (safe; 3% risk of failure)
Press: ? - help, Shift-Dir - straight line, f - goblin
Aim: a goblin, wielding a +0 dagger of venom (heavily wounded, chance to affect: 73%)
You miscast Corona.
You are very lightly contaminated with residual magic.
Nothing appears to happen.
You feel sick.
The goblin hits you with a +0 dagger of venom.
* * * LOW HITPOINT WARNING * * *
You aren't carrying any potions.
As you read the scroll labelled YDUERE SYTIXATT, it crumbles to dust.
It is a scroll of identify.
You don't have any unidentified items.
* * * LOW HITPOINT WARNING * * *
You feel sick.
The goblin hits you with a +0 dagger of venom.
* * * LOW HITPOINT WARNING * * *
You closely miss the goblin.
The goblin is heavily wounded.
* * * LOW HITPOINT WARNING * * *
You feel sick. You block the goblin's attack.
You barely miss the goblin.
The goblin is heavily wounded.
* * * LOW HITPOINT WARNING * * *
You feel sick. The goblin closely misses you.
You completely miss the goblin.
The goblin is heavily wounded.
You die...

####.#
.#.........#.#
.. #.#
#.#.........# .#
#. ..
##.######## .#∆
.#
######.#######
.## .#
#.....†......#
..# .#
#.#.......)....#
#.##.#
#..............#
#.#..#
##.##..........#
##'..# #
#..@.........
##...#
#.g#######.##
#....# #.. .#
#....# ##. .
.....# .. ..♣..#
.. .....# ...
....... ...
......##


You could see a goblin.

Vanquished Creatures
  3 ball pythons (D:1)
  A giant cockroach (D:1)
  3 hobgoblins (D:1)
  3 kobolds (D:1)
  4 bats (D:1)
  2 rats (D:1)
16 creatures vanquished.

Notes
Turn   | Place    | Note
-------+----------+-------------------------------------------
     0 | D:1      | zeram the Gnoll Enchanter began the quest for the Orb.
     0 | D:1      | Reached XP level 1. HP: 13/13 MP: 6/6
   304 | D:1      | Reached XP level 2. HP: 16/19 MP: 7/7
   469 | D:1      | Found Qieczi's Book Shop.
   596 | D:1      | Found Saidwof's Antique Armour Emporium.
   932 | D:1      | Learned a level 2 spell: Ensorcelled Hibernation
  1073 | D:1      | HP: 1/20 [poisoned by a goblin]
  1074 | D:1      | Succumbed to a goblin's poison

Illustrated notes

Levels and vault maps discovered:
D:1:      nicolae_arrival_somewhat_less_tricky_arrival, layout_basic,
          hellmonk_ecumenical_altar_inner_sanctum, serial_shops, shop, shop,
          roderic_nine_men_s_morris, hangedman_glass_teeth, minmay_tetromino_o2

Action                   || total
-------------------------++-------
Melee: Dagger            ||    87
       Bite              ||     4
 Cast: Corona            ||     1
  Use: Scroll            ||     5
       Potion            ||     3
 Stab: Sleeping          ||     3
Armor: Robe              ||    14
Dodge: Dodged            ||    65
Block: Buckler           ||    12
